 Dungeon Crawl Stone Soup version 0.16.2-12-gd0ad4c3 (webtiles) character file.

352 dvd the Conjurer (level 6, 0/32 HPs)
             Began as a Deep Elf Conjurer on Sept 19, 2015.
             Slain by dvd's ghost (1 damage)
             ... on level 4 of the Dungeon.
             The game lasted 00:23:21 (3636 turns).

dvd the Conjurer (Deep Elf Conjurer)                Turns: 3636, Time: 00:23:22

Health: 0/32       AC: 10    Str:  5    XL:     6   Next: 34%
Magic:  12/21      EV: 14    Int: 22    God:
Gold:   195        SH:  0    Dex: 15    Spells: 4 memorised, 6 levels left

rFire  + . .     SeeInvis .     a - staff of cold
rCold  . . .     Clarity  +     x - +0 robe
rNeg   . . .     SustAb   .     (no shield)
rPois  .         Gourm    .     (no helmet)
rElec  .         Spirit   .     (no cloak)
rCorr  .         Warding  .     u - +0 pair of gloves
rMut   .         Stasis   .     e - +0 pair of boots
MR     .....                    z - amulet of clarity
Stlth  ++........               y - ring of fire
                                v - +6 ring of protection

@: lethally poisoned (0 -> -24), not resistant to hostile enchantments,
unstealthy
A: no striking features
a: no special abilities


You were on level 4 of the Dungeon.
You were not hungry.

You visited 1 branch of the dungeon, and saw 4 of its levels.

You collected 195 gold pieces.

Inventory:

Hand weapons
 h - a +0 rapier
 i - a +0 long sword
Armour
 e - a +0 pair of boots (worn)
 u - a +0 pair of gloves (worn)
 x - a +0 robe (worn)
Magical staves
 a - an uncursed staff of cold (weapon)
Jewellery
 v - a +6 ring of protection (left hand)
 y - a ring of fire (right hand)
 z - an amulet of clarity (around neck)
Scrolls
 f - 2 scrolls of magic mapping
 g - a scroll of blinking {unknown}
 o - a scroll of teleportation {unknown}
 r - a scroll of remove curse
Potions
 d - a potion of beneficial mutation {unknown}
 k - a potion of heal wounds
 m - 2 potions of curing {unknown}
 n - a potion of invisibility {unknown}
 q - a potion of degeneration {unknown}
 t - a potion of might {unknown}
 w - a potion of poison {unknown}
Books
 c - a book of Conjurations

   Spells                             Type                      Level
   a - Magic Dart                     Conjuration                  1
   b - Searing Ray                    Conjuration                  2
   c - Dazzling Spray                 Conjuration/Hexes            3
   d - Fulminant Prism                Conjuration/Hexes            4
   e - Iskenderun's Mystic Blast      Conjuration                  4
   f - Iskenderun's Battlesphere      Conjuration/Charms           5
Comestibles
 b - 3 bread rations
 j - a chunk of flesh
 l - 2 slices of pizza
 p - 2 fruits
 s - 2 meat rations


   Skills:
 + Level 0.2 Fighting
 + Level 4.4 Dodging
 - Level 2.9 Stealth
 + Level 0.1 Unarmed Combat
 + Level 5.5 Spellcasting
 + Level 6.3 Conjurations


You had 6 spell levels left.
You knew the following spells:

 Your Spells              Type           Power        Failure   Level  Hunger
a - Magic Dart            Conj           ####         1%          1    None
b - Searing Ray           Conj           ####..       1%          2    None
c - Dazzling Spray        Conj/Hex       ###.....     10%         3    ##.....
d - Iskenderun's Mystic   Conj           ####....     10%         4    ####...


Dungeon Overview and Level Annotations

Branches:
Dungeon (4/15)
 Temple: D:4-7

Altars:
Gozag
Yredelemnul

Annotations:
D:4 dvd's ghost, average NaVM


Message History

Dvd's ghost is heavily damaged.
You feel sick.
You are lethally poisoned!
Dvd's ghost hits you. Dvd's ghost burns you.
You feel sick.
You are more poisoned.
Dvd's ghost hits you but does no damage.
Casting: Searing Ray
Confirm with . or Enter, or press ? or * to list all spells.
Aiming: Searing Ray
Press: ? - help, Shift-Dir - straight line, f/p - dvd's ghost
Aim: dvd's ghost, wielding a weapon of flaming (heavily damaged, radiating toxic energy)
The searing ray hits dvd's ghost.
Dvd's ghost is heavily damaged.
* * * LOW HITPOINT WARNING * * *
You feel sick.
* * * LOW HITPOINT WARNING * * *
You are more poisoned.
Dvd's ghost hits you.
You die...

.........#................
#######'##'##'###########
#########.##.##.########
+......'.<.'...........+
#####'###'############)# #
##.###.############.##.#
#.......#.....+...).....
+.......'.....#.........
#+#####@##.##+##<.#.##.#
#W# ###### .# .g. . ##.##
#.# .!. #.# #.# ..+


You could see dvd's ghost and a hobgoblin.

Vanquished Creatures
  A scorpion (D:4)
  A hound (D:4)
  2 orc wizards (D:4)
  Ijyb (D:2)
  3 gnolls (D:3)
  A giant mite (D:3)
  8 adders
  2 worms
  2 giant geckos
  An ooze (D:2)
  5 orcs
  3 giant cockroaches
  6 goblins
  5 hobgoblins
  12 jackals (D:1)
  A ball python (D:2)
  11 bats
  4 giant newts
  8 kobolds
  10 rats
87 creatures vanquished.

Notes
Turn   | Place    | Note
--------------------------------------------------------------
     0 | D:1      | dvd, the Deep Elf Conjurer, began the quest for the Orb.
     0 | D:1      | Reached XP level 1. HP: 10/10 MP: 5/5
   501 | D:1      | Reached XP level 2. HP: 15/15 MP: 4/8
   667 | D:1      | Learned a level 2 spell: Searing Ray
   953 | D:1      | Reached skill level 5 in Conjurations
   953 | D:1      | Reached XP level 3. HP: 16/19 MP: 5/11
  1683 | D:2      | Learned a level 3 spell: Dazzling Spray
  1710 | D:2      | Reached XP level 4. HP: 24/24 MP: 11/14
  2138 | D:2      | Learned a level 4 spell: Iskenderun's Mystic Blast
  2282 | D:2      | Noticed Ijyb
  2289 | D:2      | Killed Ijyb
  2353 | D:2      | Learned a level 1 spell: Magic Dart
  2688 | D:3      | Found an opulent altar of Gozag.
  2694 | D:3      | Reached XP level 5. HP: 28/28 MP: 15/18
  3115 | D:2      | Found a basalt altar of Yredelemnul.
  3377 | D:4      | Reached skill level 6 in Conjurations
  3496 | D:4      | Reached skill level 5 in Spellcasting
  3496 | D:4      | Reached XP level 6. HP: 30/32 MP: 15/21
  3631 | D:4      | Noticed dvd's ghost (average NaVM)
  3636 | D:4      | HP: 1/32 [dvd's ghost/Olgreb's Toxic Radiance (7)]
  3636 | D:4      | Slain by dvd's ghost

Action                   |  1- 3 |  4- 6 || total
-------------------------+-------+-------++-------
Melee: Unarmed           |    14 |       ||    14
       Short sword       |     3 |     1 ||     4
       Staff             |       |     2 ||     2
 Cast: Magic Dart        |    52 |    25 ||    77
       Searing Ray       |    13 |    24 ||    37
       Iskenderun's Myst |       |     3 ||     3
       Dazzling Spray    |       |     1 ||     1
  Use: Scroll            |       |     5 ||     5
 Stab: Sleeping          |       |     1 ||     1
  Eat: Chunk             |     3 |     6 ||     9
